 Dungeon Crawl Stone Soup version 0.24-a0-581-gc0fa6600bf (webtiles) character file.

Game seed: 3183530254215879954

401 Gynju the Chopper (level 6, 0/49 HPs)
             Began as a Barachi Fighter on Aug 23, 2019.
             Slain by Duvessa
             ... wielding a +0 rapier
              (6 damage)
             ... on level 3 of the Dungeon.
             The game lasted 00:06:04 (3439 turns).

Gynju the Chopper (Barachi Fighter)                 Turns: 3439, Time: 00:06:05

Health: 0/49       AC: 14    Str: 19    XL:     6   Next: 85%
Magic:  6/6        EV:  3    Int: 13    God:
Gold:   155        SH:  9    Dex: 11    Spells: 5/5 levels left

rFire    + . .     SeeInvis .   a - +1 war axe
rCold    . . .     Gourm    .   c - +0 shield
rNeg     . . .     Faith    .   l - +0 plate armour
rPois    .         Spirit   .   e - +1 helmet
rElec    .         Reflect  .   (no cloak)
rCorr    .         Harm     .   (no gloves)
MR       .....                  (no boots)
Stlth    ..........             (no amulet)
HPRegen  0.16/turn              m - +4 ring of intelligence
MPRegen  0.10/turn              w - ring of protection from fire

@: slow
A: +LOS, swims, slowness 1, strong legs 1
a: Hop


You were on level 3 of the Dungeon.
You were not hungry.

You visited 1 branch of the dungeon, and saw 4 of its levels.

You collected 155 gold pieces.

Inventory:

Hand Weapons
 a - a +1 war axe (weapon)
 b - a +0 hunting sling
Missiles
 h - 49 poisoned darts (quivered)
 p - 32 sling bullets
 x - 78 stones
Armour
 c - a +0 shield (worn)
 e - a +1 helmet (worn)
 l - a +0 plate armour (worn)
Jewellery
 m - a +4 ring of intelligence (left hand)
 t - an uncursed ring of ice
 w - a ring of protection from fire (right hand)
Wands
 r - a wand of iceblast (8)
Scrolls
 g - 2 scrolls of immolation
 i - 2 scrolls of teleportation
 q - 2 scrolls of enchant weapon
Potions
 d - 2 potions of might
 k - 2 potions of curing
 n - a potion of degeneration
 o - a potion of flight
 s - a potion of cancellation
 u - a potion of brilliance
Comestibles
 f - 5 rations
 j - 3 chunks of flesh


   Skills:
 - Level 4.4 Fighting
 + Level 6.5 Axes
 - Level 4.5 Armour
 - Level 4.1 Shields


You had 5 spell levels left.
You didn't know any spells.
Your spell library was empty.

Dungeon Overview and Level Annotations

Branches:
Dungeon (4/15)
 Temple: D:4-7

Altars:
Elyvilon
Hepliaklqana
Makhleb
Vehumet
Xom

Annotations:
D:3 Duvessa


Innate Abilities, Weirdness & Mutations

Shadows flee at your approach. (+LOS)
You can swim through water.
You cover ground slowly.
You can hop short distances.


Message History

You are too injured to fight recklessly!
You are too injured to fight recklessly!
You hit Duvessa.
Duvessa is heavily wounded.
Duvessa hits you but does no damage. Duvessa hits you with a +0 rapier!
* * * LOW HITPOINT WARNING * * *
You barely miss Duvessa.
Duvessa is heavily wounded.
Duvessa hits you but does no damage. You block Duvessa's attack.
Your shield and plate armour prevent you from hitting Duvessa.
Duvessa is heavily wounded.
Duvessa hits you with a +0 rapier.
* * * LOW HITPOINT WARNING * * *
You hit Duvessa but do no damage.
Duvessa is heavily wounded.
Duvessa hits you but does no damage. You block Duvessa's attack.
You closely miss Duvessa.
Duvessa is moderately wounded.
You block Duvessa's attack. Duvessa hits you with a +0 rapier.
You die...

#<#............#.#.#
#.#....
#..............#.#.#
#....#.
###............#.#.#
###....
#............#.#.######..#
#............#..........##
#######......###.........#
#....)..........##.#
#..[.....######.#...
#.e@).........#.#..#
#.........##........
#.........##.._..###
#.........##..8....#
#.........<..._.....
############.......#
########### ##..###.#
#.........# ##.....#
#.........# ###....#)


You could see Duvessa (berserk).

Vanquished Creatures
  A bullfrog (D:2)
  Dowan (D:3)
  2 howler monkeys
  Ijyb (D:3)
  A worker ant (D:3)
  7 adders
  An ooze (D:1)
  A worm (D:3)
  A dart slug (D:1)
  3 leopard geckos
  3 orcs
  6 bats
  7 giant cockroaches
  7 goblins
  7 hobgoblins
  6 jackals
  17 kobolds
  2 quokkas
  5 frilled lizards
  9 rats
  2 plants (D:3)
90 creatures vanquished.

Notes
Turn   | Place    | Note
-------+----------+-------------------------------------------
     0 | D:1      | Gynju the Barachi Fighter began the quest for the Orb.
     0 | D:1      | Reached XP level 1. HP: 18/18 MP: 1/1
   284 | D:1      | Reached XP level 2. HP: 25/25 MP: 2/2
   608 | D:1      | Reached XP level 3. HP: 30/30 MP: 3/3
  1126 | D:2      | Found a white marble altar of Elyvilon.
  1169 | D:2      | Noticed a bullfrog
  1175 | D:2      | Killed a bullfrog
  1175 | D:2      | Reached skill level 3 in Axes
  1175 | D:2      | Reached XP level 4. HP: 32/38 MP: 4/4
  1250 | D:2      | Found a shimmering altar of Xom.
  1427 | D:2      | Reached XP level 5. HP: 43/43 MP: 5/5
  1728 | D:2      | Reached skill level 4 in Axes
  2150 | D:3      | Found a hazy altar of Hepliaklqana.
  2151 | D:3      | Found a burning altar of Makhleb.
  2808 | D:3      | Found a radiant altar of Vehumet.
  3040 | D:3      | Reached skill level 5 in Axes
  3275 | D:4      | Reached XP level 6. HP: 49/49 MP: 6/6
  3275 | D:4      | Noticed Dowan
  3276 | D:4      | Noticed Duvessa
  3280 | D:4      | Noticed Ijyb
  3303 | D:3      | Killed Ijyb
  3425 | D:3      | Reached skill level 6 in Axes
  3433 | D:3      | Killed Dowan
  3439 | D:3      | Slain by Duvessa

Levels and vault maps discovered:
D:1:      ebering_hopf_link, layout_loops_corners,
          corexii_item_surrounded_by_moat
D:2:      layout_loops_ring, old_standard_altar, lemuel_crystal_altar,
          first_ration, kennysheep_doodads
D:3:      cheibrodos_old_hovel, layout_basic, fiery_altar_vehumet,
          chequers_temple_overflow_statue_of_worship
D:4:      layout_basic, minmay_temple_entry_trees, uniq_duvessa, uniq_ijyb,
          uniq_edmund

Skill      XL: |  1  2  3  4  5  6 |
---------------+-------------------+-----
Fighting       | 4 |  4.4
Armour         | 4 |  4.5
Axes           | 3 5 6 |  6.5
Shields        | 4 |  4.1

Action                   |  1- 3 |  4- 6 || total
-------------------------+-------+-------++-------
Melee: War axe           |    91 |   252 ||   343
  Use: Scroll            |       |    13 ||    13
  Eat: Chunk             |     1 |     9 ||    10
Armor: Scale mail        |     9 |       ||     9
       Plate armour      |    36 |   193 ||   229
Dodge: Dodged            |    14 |    31 ||    45
Block: Shield            |    51 |   138 ||   189

Table legend:
 A = Non-vault XP
 B = Vault XP
 C = Vault XP percentage of total XP
 D = Non-vault monster count
 E = Vault monster count
 F = Vault count percentage of total count
                 A         B        C        D         E       F
            +---------+---------+-------+---------+---------+-------
      Total |     459 |     114 |  19.9 |      85 |       3 |   3.4
            +---------+---------+-------+---------+---------+-------
        D:1 |      49 |       0 |   0.0 |      24 |       0 |   0.0
        D:2 |     177 |       0 |   0.0 |      27 |       0 |   0.0
        D:3 |     179 |     114 |  38.9 |      32 |       3 |   8.6
        D:4 |      54 |       0 |   0.0 |       2 |       0 |   0.0
            +---------+---------+-------+---------+---------+-------
